 Dungeon Crawl Stone Soup version 0.24-a0-375-g4de66ed42b (console) character file.

Game seed: 11672445622447216371

332 Lexodia the Ruffian (level 6, 0/61 HPs)
             Began as a Troll Fighter on May 31, 2019.
             Slain by a killer bee (1 damage)
             ... on level 4 of the Dungeon.
             The game lasted 00:04:52 (2243 turns).

Lexodia the Ruffian (Troll Fighter)                 Turns: 2243, Time: 00:04:53

Health: 0/61       AC:  6    Str: 25    XL:     6   Next: 26%
Magic:  5/5        EV: 14    Int:  4    God:
Gold:   190        SH: 10    Dex: 16    Spells: 5/5 levels left

rFire    . . .     SeeInvis .     - Unarmed
rCold    . . .     Gourm    +   b - +0 shield
rNeg     . . .     Faith    .   a - +0 robe
rPois    .         Spirit   .   (helmet restricted)
rElec    .         Reflect  .   (no cloak)
rCorr    .         Harm     .   (gloves unavailable)
MR       .....                  (boots unavailable)
Stlth    ++........             (no amulet)
HPRegen  0.60/turn              (no ring)
MPRegen  0.09/turn              (no ring)

@: agile, lethally poisoned (0 -> -2)
A: large, unfitting armour, claws 3, fast metabolism 3, gourmand, regeneration
1, shaggy fur 1, tough skin 3
a: no special abilities


You were on level 4 of the Dungeon.
You were very full.

You visited 1 branch of the dungeon, and saw 4 of its levels.

You collected 190 gold pieces.

Inventory:

Missiles
 f - 103 stones (quivered)
 p - 5 poisoned darts
Armour
 a - a +0 robe (worn)
 b - a +0 shield (worn)
Scrolls
 g - a scroll of magic mapping {unknown}
 i - 5 scrolls of identify {unknown}
 j - a scroll of amnesia {unknown}
 k - 3 scrolls of enchant armour {unknown}
 l - a scroll of remove curse {unknown}
 m - a scroll of blinking {unknown}
 r - 2 scrolls of enchant weapon {unknown}
Potions
 c - a potion of might
 e - a potion of magic {unknown}
 h - a potion of cancellation {unknown}
 n - a potion of agility
 o - a potion of haste {unknown}
 s - 2 potions of curing {unknown}
Comestibles
 d - 4 rations


   Skills:
 - Level 3.0 Fighting
 + Level 2.7 Throwing
 - Level 3.0 Dodging
 + Level 3.6 Shields
 + Level 3.7 Unarmed Combat


You had 5 spell levels left.
You didn't know any spells.
Your spell library was empty.

Dungeon Overview and Level Annotations

Branches:
Dungeon (4/15)
 Temple: D:4-7

Altars:

Shops:
D:4 %


Innate Abilities, Weirdness & Mutations

You are too large for most types of armour.
You have claws for hands.
Your metabolism is lightning-fast.
You like to eat raw meat.
Your natural rate of healing is unusually fast.
You are covered in fur. (AC +1)
You have extremely tough skin. (AC +3)


Message History

You are more poisoned.
The killer bee poisons you! You block the killer bee's attack.
Damage: -3%(-2hp) hp: 20%(12hp)
You closely miss the killer bee.
The killer bee is severely wounded.
You feel sick. You block the killer bee's attack. The killer bee stings you.
* * * LOW HITPOINT WARNING * * *
Huge Dmg: -6%(-4hp) hp: 14%(8hp)
You aren't carrying any pieces of jewellery.
It was a potion of agility.
You feel agile all of a sudden.
You feel sick.
The killer bee stings you but does no damage.
The killer bee barely misses you.
You completely miss the killer bee.
The killer bee is severely wounded.
You feel sick. The killer bee stings you!
* * * LOW HITPOINT WARNING * * *
The killer bee stings you.
You die...

#.# #.###..# ##.#
#......# #.)#
######..###
#)#######..........
#)........####.....
#..###########.####
#..................
####.#########........
#....@yyy# #.##.#.##
#.##.###.# #. #.#.# #
#.###.### # #.#.#
#.#..yy.# #.#.#
#.#...y.# #.#.#
#................#
#.#.....###.##
#.#.....# .........


You could see 3 killer bees.

Vanquished Creatures
  2 killer bees (D:4)
  An orc priest (D:4)
  An orc wizard (D:4)
  A bullfrog skeleton (D:4)
  4 adders
  5 oozes
  2 worms (D:2)
  A dart slug (D:3)
  5 leopard geckos
  8 orcs
  3 bats (D:1)
  3 giant cockroaches
  11 goblins
  5 hobgoblins
  11 jackals
  2 quokkas
  A ball python (D:1)
  5 frilled lizards
  A jackal skeleton (D:4)
  8 kobolds
  6 rats
86 creatures vanquished.

Notes
Turn   | Place    | Note
-------+----------+-------------------------------------------
     0 | D:1      | Lexodia the Troll Fighter began the quest for the Orb.
     0 | D:1      | Reached XP level 1. HP: 22/22 MP: 0/0
   128 | D:1      | Reached XP level 2. HP: 29/29 MP: 1/1
   219 | D:1      | Huge Dmg: 6 dmg
   242 | D:1      | Reached XP level 3. HP: 36/36 MP: 2/2
   300 | D:1      | Reached skill level 1 in Throwing
   710 | D:2      | Reached XP level 4. HP: 36/44 MP: 3/3
  1610 | D:3      | Reached XP level 5. HP: 53/53 MP: 4/4
  2104 | D:4      | Found Xetian's Food Emporium.
  2186 | D:4      | Huge Dmg: 13 dmg
  2229 | D:4      | Reached XP level 6. HP: 29/61 MP: 5/5
  2242 | D:4      | Huge Dmg: 4 dmg
  2243 | D:4      | HP: 1/61 [killer bee (7)]
  2243 | D:4      | Slain by a killer bee

Levels and vault maps discovered:
D:1:      tarquinn_simple_flora_water_d, layout_rooms, serial_rivers,
          chequers_serial_rivers_small_b, chequers_serial_rivers_micro_b,
          chequers_serial_rivers_room_b, chequers_serial_rivers_small_3,
          chequers_serial_rivers_micro_e, chequers_serial_rivers_room_a,
          st_stairs_5
D:2:      layout_basic, first_ration, minivault_4
D:3:      wad_pebble_path, layout_loops_corners, minmay_unequal
D:4:      layout_loops_ring, serial_shops, shop, uniq_sigmund

Skill      XL: |  1  2  3  4  5 |
---------------+----------------+-----
Throwing       | 1 2 |  2.7
Dodging        | 3 |  3.0
Fighting       | 3 |  3.0
Shields        | 3 |  3.6
Unarmed Combat | 3 |  3.7

Action                   |  1- 3 |  4- 6 || total
-------------------------+-------+-------++-------
Melee: Unarmed           |    94 |   186 ||   280
  Use: Potion            |       |     1 ||     1
  Eat: Chunk             |    12 |    14 ||    26
Armor: Robe              |    28 |    58 ||    86
Dodge: Dodged            |    24 |    54 ||    78
Block: Shield            |    35 |    78 ||   113

Table legend:
 A = Non-vault XP
 B = Vault XP
 C = Vault XP percentage of total XP
 D = Non-vault monster count
 E = Vault monster count
 F = Vault count percentage of total count
                 A         B        C        D         E       F
            +---------+---------+-------+---------+---------+-------
      Total |     460 |      15 |   3.2 |      81 |       5 |   5.8
            +---------+---------+-------+---------+---------+-------
        D:1 |      51 |       9 |  15.0 |      25 |       2 |   7.4
        D:2 |      69 |       0 |   0.0 |      21 |       0 |   0.0
        D:3 |      86 |       6 |   6.5 |      26 |       3 |  10.3
        D:4 |     254 |       0 |   0.0 |       9 |       0 |   0.0
            +---------+---------+-------+---------+---------+-------
